AoeStats
← Valstrax

Arena

510542173Analyzed
4v4 RM · 2d ago on Oct 1, 2026· 45m 43s· 8 players
Game mode
Random Map
Map size
Large (8 player)
Population
200
Speed
Normal
Resources
Standard
Victory
Conquest
Starting age
Dark Age
Ending age
Imperial Age
RankedLock teamsTeams togetherTeam positionsShared explorationLock speedFull tech treeHidden civsTurbo modeCheats
Victory
Defeat
🇮🇳 Khmer · India
1176
+13
🇦🇱 Spanish · Albania
1149
+14
🇮🇳 Teutons · India
1126
+15
🇦🇷 Shu · Argentina
1081
+16
🇪🇸 Bohemians · Spain
1134
-17
🇪🇸 Varangians · Spain
1098
-14
🇨🇳 Khmer · China
1090
-14
🇮🇳 Franks · India
1072
-13
Tarifa2647
0:30 Loom
12:52 Feudal Age
14:13 Double-Bit Axe
14:50 Horse Collar
15:08 Gold Mining
15:09 Stone Mining
16:15 Wheelbarrow
22:35 Castle Age
24:47 Bow Saw
24:41 Heavy Plow
30:22 Hand Cart
29:55 Town Watch
32:09 Ballistics
32:00 Fortified Wall
31:47 Murder Holes
32:03 Masonry
31:35 Treadmill Crane
32:00 Squires
31:46 Gambesons
32:05 Husbandry
39:30 Imperial Age
36:58 Pikeman
Ace
5:07 Loom
10:52 Feudal Age
11:05 Feudal Age
13:32 Double-Bit Axe
15:54 Castle Age
14:41 Horse Collar
27:33 Wheelbarrow
27:03 Pikeman
27:46 Scale Mail Armor
27:56 Forging
28:56 Bow Saw
35:43 Imperial Age
33:31 Squires
33:17 Arson
33:46 Forging
34:02 Ballistics
33:51 Heavy Plow
34:45 Fletching
37:33 Chemistry
36:45 Fortified Wall
36:30 Murder Holes
36:54 Chain Mail Armor
37:14 Iron Casting
38:21 Houfnice
40:13 Halberdier
zhuge2021
10:57 Feudal Age
14:29 Castle Age
12:17 Double-Bit Axe
15:57 Bow Saw
20:15 Horse Collar
23:29 Heavy Plow
25:39 Wheelbarrow
27:43 Gold Mining
27:45 Stone Mining
30:03 Gold Shaft Mining
33:01 Imperial Age
30:50 Hand Cart
30:56 Husbandry
30:16 Light Cavalry
31:54 Bloodlines
33:31 Scale Barding Armor
34:35 Chain Barding Armor
34:26 Forging
Valstrax
11:07 Feudal Age
14:52 Castle Age
12:53 Double-Bit Axe
16:28 Bow Saw
22:41 Wheelbarrow
24:12 Hand Cart
24:08 Stone Mining
24:09 Gold Mining
25:14 Treadmill Crane
28:30 Imperial Age
28:34 Scale Barding Armor
28:40 Forging
28:24 Fletching
29:03 Husbandry
28:45 Cavalier
30:13 Conscription
30:15 Chain Barding Armor
31:14 Gold Shaft Mining
31:02 Ballistics
31:42 Chemistry
33:23 Chemistry
32:29 Siege Engineers
33:02 Paladin
34:18 Plate Barding Armor
37:18 Onager
38:23 Onager
41:38 Fortified Wall
insaneBestar
11:17 Feudal Age
14:41 Castle Age
12:44 Double-Bit Axe
12:41 Horse Collar
16:08 Bow Saw
24:18 Wheelbarrow
27:50 Imperial Age
25:16 Gold Mining
25:38 Scale Barding Armor
26:42 Forging
26:53 Chain Barding Armor
26:36 Heavy Plow
26:58 Hand Cart
27:24 Town Watch
27:53 Husbandry
28:05 Bloodlines
29:19 Iron Casting
29:48 Plate Barding Armor
28:36 Cavalier
29:39 Loom
29:29 Capped Ram
30:37 Paladin
31:58 Fletching
34:26 Blast Furnace
34:25 Stone Mining
42:10 Town Patrol
Okisan
11:34 Feudal Age
15:18 Castle Age
13:16 Double-Bit Axe
13:15 Horse Collar
14:17 Loom
19:13 Crossbowman
19:58 Padded Archer Armor
22:07 Thumb Ring
23:42 Fletching
23:52 Padded Archer Armor
27:17 Bodkin Arrow
32:00 Wheelbarrow
33:44 Ballistics
33:20 Murder Holes
36:30 Bow Saw
37:21 Hand Cart
40:53 Imperial Age
40:26 Scale Barding Armor
42:57 Chain Barding Armor
44:51 Two-Man Saw
44:54 Siege Engineers
45:39 Plate Barding Armor
45:05 Husbandry
46:21 Conscription
legolas
10:46 Feudal Age
12:46 Double-Bit Axe
12:43 Horse Collar
12:57 Gold Mining
15:16 Castle Age
16:41 Wheelbarrow
16:18 Bow Saw
16:33 Forging
16:34 Heavy Plow
16:27 Loom
19:28 Town Watch
21:12 Scale Mail Armor
23:52 Stone Mining
24:19 Chain Mail Armor
24:16 Town Patrol
24:51 Hand Cart
26:13 Iron Casting
28:41 Fletching
29:40 Bodkin Arrow
31:16 Ironclad
34:59 Imperial Age
33:52 Squires
33:37 Gambesons
33:38 Arson
36:24 Conscription
35:26 Elite Teutonic Knight
36:51 Crenellations
38:25 Plate Mail Armor
38:56 Blast Furnace
38:08 Capped Ram
39:51 Chemistry
38:57 Siege Engineers
39:03 Masonry
39:13 Ballistics
40:18 Stone Shaft Mining
40:26 Fortified Wall
MaRauDer
10:52 Feudal Age
14:17 Castle Age
12:20 Double-Bit Axe
12:49 Horse Collar
15:25 Heavy Plow
15:35 Bow Saw
23:29 Wheelbarrow
23:45 Gold Mining
23:46 Stone Mining
25:29 Hand Cart
28:27 Imperial Age
25:45 Loom
26:49 Stone Shaft Mining
26:51 Gold Shaft Mining
29:45 Ballistics
28:50 Heavy Scorpion
29:37 Fletching
31:14 Chemistry
31:03 Conscription
31:04 Double Crossbow
30:57 Capped Ram
32:09 Siege Ram
43:45 Siege Engineers
Connection lost

Rejoining the realm…

Still unreachable

The connection could not be restored.

Session expired

The server has moved on; the page needs a fresh start.